 Dungeon Sprint DCSS version 0.16-a0-4002-g2d13b8e (webtiles) character file.

280 PolkaDot the Summoner (level 6, -4/44 HPs)
             Began as a Vampire Summoner on Feb 14, 2015.
             Was a Believer of Sif Muna.
             Killed by miscasting Summon Guardian Golem (8 damage)
             ... in the Dungeon (Sprint I: "Red Sonja").
             The game lasted 00:08:54 (1613 turns).

PolkaDot the Summoner (Vampire Summoner)            Turns: 1613, Time: 00:08:54

Health: -4/44      AC: -1    Str:  3    XL:     6   Next: 5%
Magic:  0/15       EV: 12    Int: 22    God:    Sif Muna [**....]
Gold:   448        SH:  0    Dex: 14    Spells: 5 memorised, 0 levels left

rFire  . . .     SeeInvis +     e - +1 dagger of Coogyvas {pierce, Str-4 Int+3 Stlth+} (curse)
rCold  + + .     Clarity  .     j - -4 leather armour "Lethaicient" {+Inv rPois+ SInv Stlth+} (curse)
rNeg   + + +     SustAb   .     (no shield)
rPois  ∞         Gourm    .     (no helmet)
rElec  .         Spirit   .     (no cloak)
rCorr  .         Warding  .     (no gloves)
rMut   .         NoTele   +     (no boots)
MR     .....                    (no amulet)
Stlth  ++++++....               (no ring)
                                (no ring)

@: very slightly contaminated, bloodless, non-regenerating, hasted, very quick,
not resistant to hostile enchantments, very stealthy
A: bottle blood, fangs 3, see invisible, unbreathing
a: Bat Form, Channel Energy, Forget Spell, Renounce Religion, Evoke Invisibility


You were in the Dungeon.
You worshipped Sif Muna.
Sif Muna was pleased with you.
You were bloodless.

You visited 1 branch You collected 659 gold pieces.
You spent 211 gold pieces at shops.

Inventory:

Hand weapons
 e - the cursed +1 dagger of Coogyvas (weapon) {pierce, Str-4 Int+3 Stlth+}
   (You bought it in a shop in the Dungeon)

   It inflicts extra damage upon your enemies.
   It affects your strength (-4).
   It affects your intelligence (+3).
   It makes you more stealthy.
   It has a curse placed upon it.
Armour
 a - a +0 robe
 j - the cursed -4 leather armour "Lethaicient" (worn) {+Inv rPois+ SInv Stlth+}
   (You found it in the Dungeon)

   It protects you from poison.
   It enhances your eyesight.
   It lets you turn invisible.
   It makes you more stealthy.
   It has a curse placed upon it.
Magical devices
 c - a wand of frost (20)
Scrolls
 i - a scroll of blinking
Potions
 d - 2 potions of curing
 g - a potion of magic
 h - a potion of berserk rage
Books
 b - a book of Callings

   Spells                             Type                      Level
   a - Summon Small Mammal            Summoning                    1
   b - Call Imp                       Summoning                    2
   c - Call Canine Familiar           Summoning                    3
   d - Summon Guardian Golem          Hexes/Summoning              4
   e - Summon Lightning Spire         Summoning/Air                4
   f - Summon Ice Beast               Ice/Summoning                4


   Skills:
 - Level 2.2 Fighting
 - Level 4.4 Dodging
 - Level 6.3 Stealth
 - Level 4.5 Spellcasting
 + Level 0.0 Hexes
 * Level 9.8 Summonings
 + Level 4.6 Ice Magic


You couldn't memorise any spells.
You knew the following spells:

 Your Spells              Type           Power        Failure   Level  Hunger
d - Call Canine Familiar  Summ           #####...     1%          3    ##.....
g - Summon Guardian Gole  Hex/Summ       ####....     28%         4    ####...
i - Summon Ice Beast      Ice/Summ       #####...     14%         4    ####...
s - Call Imp              Summ           #####...     1%          2    None
z - Summon Small Mammal   Summ           ####         1%          1    None


Dungeon Overview and Level Annotations

Branches:
Dungeon (1/1)

Altars:
Cheibriados
Dithmenos
Elyvilon
Fedhas
Gozag
Kikubaaqudgha
Makhleb
Nemelex Xobeh
Okawaru
Qazlal
Ru
Sif Muna
Trog
Vehumet
Xom
Yredelemnul
Zin
The Shining One
Jiyva

Shops:
D ((

Annotations:
D Sonja


Innate Abilities, Weirdness & Mutations

You do not heal naturally.
You can bottle blood from corpses.
You have razor-sharp teeth.
You have supernaturally acute eyesight.
You can survive without breathing.


Message History

You channel some magical energy.
Casting: Call Canine Familiar
Confirm with . or Enter, or press ? or * to list all spells.
A chill wind blows around you.
* * * LOW MAGIC WARNING * * *
Your wolf bites the deep troll but does no damage.
The deep troll barely misses your wolf. The deep troll claws your wolf.
The deep troll claws your wolf.
Use which ability? (? or * to list)
You channel some magical energy.
Your wolf barely misses the deep troll.
Use which ability? (? or * to list)
You channel some magical energy.
Your wolf bites the deep troll but does no damage.
The deep troll barely misses your wolf. The deep troll misses your wolf.
The deep troll claws your wolf!
Casting: Summon Ice Beast
Confirm with . or Enter, or press ? or * to list all spells.
You miscast Summon Guardian Golem.
You are caught in a localised spatial distortion.
You die...

###################
#<.#..'..#.)'..#__#
#..').#..'..#..'..+
#..#####'#####'#__#
#..####..#.@.#)####
#..#__####.Y##.#
#..#_..__##h#..+§§§
#⌠⌠#_.∩...'T.._#≈§§
####_..._##_(#'##+#
#_____###(#.#
############.####+###
#∩(.......+...'$$.$$+
###++++####...#######


You could see a deep troll, a friendly ice beast and a friendly wolf.

Vanquished Creatures
  Sigmund (D)
  3 ballistomycetes (D)
4 creatures vanquished.

Vanquished Creatures (collateral kills)
  A slime creature (D)
  A yak (D)
  An ogre (D)
  A jelly (D)
  Ijyb (D)
5 creatures vanquished.

Vanquished Creatures (others)
  A gargoyle (D)
  4 ice beasts (D)
  2 wolves (D)
  An iron imp (D)
  9 crimson imps (D)
  9 hounds (D)
  4 shadow imps (D)
  5 white imps (D)
  A bat (D)
  2 quokkas (D)
  2 giant spores (D)
  A rat (D)
41 creatures vanquished.

Grand Total: 50 creatures vanquished

Notes
Turn   | Place    | Note
--------------------------------------------------------------
     0 | D        | PolkaDot, the Vampire Summoner, began the quest for the Orb.
     0 | D        | Reached XP level 1. HP: 13/13 MP: 3/3
     2 | D        | Noticed Ijyb
    45 | D        | Killed Ijyb
    45 | D        | Reached XP level 2. HP: 5/19 MP: 5/5
   133 | D        | Noticed an ogre
   138 | D        | Learned a level 2 spell: Call Imp
   147 | D        | Killed an ogre
   147 | D        | Reached skill level 6 in Stealth
   147 | D        | Reached skill level 5 in Summonings
   147 | D        | Reached XP level 3. HP: 24/24 MP: 1/8
   152 | D        | Learned a level 3 spell: Call Canine Familiar
   207 | D        | Noticed Sigmund
   222 | D        | Killed Sigmund
   222 | D        | Reached skill level 1 in Fighting
   222 | D        | Reached XP level 4. HP: 25/33 MP: 4/11
   297 | D        | Found a deep blue altar of Sif Muna.
   298 | D        | Noticed a jelly
   299 | D        | Found a radiant altar of Vehumet.
   305 | D        | Killed a jelly
   308 | D        | Became a worshipper of Sif Muna the Loreminder
   314 | D        | Learned a level 4 spell: Summon Ice Beast
   332 | D        | Found Kasis' Antique Weapon Emporium.
   332 | D        | Found a white marble altar of Elyvilon.
   332 | D        | Found a stormy altar of Qazlal.
   332 | D        | Found a basalt altar of Yredelemnul.
   332 | D        | Found an iron altar of Okawaru.
   332 | D        | Found a sparkling altar of Nemelex Xobeh.
   332 | D        | Found a shimmering altar of Xom.
   332 | D        | Found an ancient bone altar of Kikubaaqudgha.
   332 | D        | Noticed a yak
   333 | D        | Found a burning altar of Makhleb.
   333 | D        | Found a sacrificial altar of Ru.
   333 | D        | Found a glowing golden altar of the Shining One.
   333 | D        | Found an opulent altar of Gozag.
   333 | D        | Found a glowing silver altar of Zin.
   563 | D        | Found a snail-covered altar of Cheibriados.
   563 | D        | Found a shadowy altar of Dithmenos.
   564 | D        | Noticed a slime creature
   678 | D        | Killed a gargoyle
   845 | D        | Killed a slime creature
   845 | D        | Acquired Sif Muna's first power
   845 | D        | Reached skill level 8 in Summonings
   845 | D        | Reached XP level 5. HP: 12/38 MP: 1/13
  1050 | D        | Found a viscous altar of Jiyva.
  1050 | D        | Found a blossoming altar of Fedhas.
  1076 | D        | Killed a yak
  1076 | D        | Acquired Sif Muna's second power
  1076 | D        | Reached skill level 9 in Summonings
  1076 | D        | Reached XP level 6. HP: 44/44 MP: 6/15
  1082 | D        | Learned a level 4 spell: Summon Guardian Golem
  1092 | D        | Found a bloodstained altar of Trog.
  1096 | D        | Bought a runed dagger for 36 gold pieces
  1111 | D        | Noticed Sonja
  1200 | D        | Found Blej's Antique Weapon Boutique.
  1209 | D        | Bought a smoking dagger for 175 gold pieces
  1209 | D        | Identified the cursed +1 dagger of Coogyvas {pierce, Str-4 Int+3 Stlth+} (You bought it in a shop in the Dungeon)
  1308 | D        | Got a spiked leather armour
  1324 | D        | Identified the cursed -4 leather armour "Lethaicient" {+Inv rPois+ SInv Stlth+} (You found it in the Dungeon)
  1577 | D        | Noticed a deep troll
  1613 | D        | Killed by miscasting Summon Guardian Golem

Action                   |  1- 3 |  4- 6 || total
-------------------------+-------+-------++-------
Melee: Unarmed           |    43 |     7 ||    50
       Dagger            |       |    30 ||    30
 Cast: Summon Small Mamm |     3 |     6 ||     9
       Call Imp          |     3 |    24 ||    27
       Call Canine Famil |     1 |    16 ||    17
       Summon Ice Beast  |       |     5 ||     5
Invok: Channel Energy    |       |    37 ||    37
  Use: Potion            |     3 |     2 ||     5
 Stab: Distracted        |     2 |       ||     2
       Sleeping          |       |     1 ||     1
  Eat: Corpse            |     1 |       ||     1
